 Dungeon Crawl Stone Soup version 0.30-a0-772-g5528072125 (webtiles) character file.

Game seed: 7975874380680754884

422616 Dirtsage the Merfolkian Blade (level 23, -8/193 (198) HPs)
             Began as a Merfolk Gladiator on Feb 12, 2023.
             Was a High Priest of Wu Jian.
             Mangled by a deep troll shaman (14 damage)
             ... while paralysed by a dread lich
             ... on level 2 of the Depths.
             The game lasted 03:09:07 (38910 turns).

Dirtsage the Merfolkian Blade (Merfolk Gladiator)  Turns: 38910, Time: 03:09:07

HP:   -8/193 (198)  AC: 17    Str: 17    XL:     23   Next: 39%
MP:   38/38         EV:  2    Int: 13    God:    Wu Jian [*****.]
Gold: 566           SH:  0    Dex: 28    Spells: 42/44 levels left

rFire   + + +      SeeInvis .    y - +9 Maxwell's thermic engine {flame, freeze}
rCold   + + +      Faith    .    R - +5 kite shield {reflect}
rNeg    . . .      Spirit   .    r - +6 leather armour of the Kettle-Drum {Harm rF+ rC+ Will+}
rPois   .          Reflect  +    c - +1 helmet
rElec   +          Harm     +    Z - +1 cloak of Starlight {*Dazzle EV+4 Stlth--}
rCorr   .          Rampage  .    E - +0 pair of gloves {hurl}
Will    ++...                    x - +1 pair of boots of Eternal Night {Int+4 Slay+3} Stlth
                                 m - amulet of the Raven {Regen+ Dex+3 Slay+2}
HPRegen 1.32/turn                X - ring "Noshug" {+Blink Fly rElec rF++ Slay-2}
MPRegen 0.26/turn                p - ring of Yttaniq {rC++ EV+5 Dex+3}

@: paralysed, petrifying, in a heavenly storm, flying, glowing, lightly drained
A: (nimble swimmer 2), mertail
}: 3/15 runes: serpentine, barnacled, abyssal
a: Renounce Religion, Evoke Blink, Wall Jump, Serpent's Lash, Heavenly Storm


You were on level 2 of the Depths.
You worshipped Wu Jian.
Wu Jian was extremely pleased with you.
You visited 9 branches of the dungeon, and saw 40 of its levels.
You visited the Abyss 2 times.
You visited 1 bazaar.
You also visited: Ossuary.

You collected 5938 gold pieces.
You spent 5372 gold pieces at shops.

Inventory:

Hand Weapons
 a - a +5 vampiric double sword
 y - the +9 Maxwell's thermic engine (weapon) {flame, freeze}
   (You bought it in a shop on level 3 of the Vaults)

   It becomes more effective when it hits something.
   This effect fades over time.
Missiles
 e - 23 javelins (quivered)
 k - 11 curare-tipped darts
 A - 13 silver javelins
Armour
 c - a +1 helmet (worn)
 r - the +6 leather armour of the Kettle-Drum (worn) {Harm rF+ rC+ Will+}
   (You found it on level 4 of the Snake Pit)

   rF:        It protects you from fire.
   rC:        It protects you from cold.
   Harm:      It increases damage dealt and taken.
   Will:      It increases your willpower.
 x - the +1 pair of boots of Eternal Night (worn) {Int+4 Slay+3}
   (You found it on level 2 of the Vaults)

   Int:       It affects your intelligence (+4).
   Slay:      It affects your accuracy & damage with ranged weapons and melee
   (+3).
 E - a +0 pair of gloves of hurling (worn)
 R - a +5 kite shield of reflection (worn)
 T - the +4 pair of boots of the Thinker {*Corrode rF++}
   (You found it on level 3 of the Elven Halls)

   rF:        It greatly protects you from fire.
   *Corrode:  It may corrode you when you take damage.
 Z - the +1 cloak of Starlight (worn) {*Dazzle EV+4 Stlth--}
   (You bought it in a shop on level 4 of the Snake Pit)

   *Dazzle:   It may blind those who miss an attack against the wearer in melee
   combat.
   EV:        It affects your evasion (+4).
   Stlth:     It makes you much less stealthy.
Jewellery
 m - the amulet of the Raven (around neck) {Regen+ Dex+3 Slay+2}
   (You found it on level 3 of the Elven Halls)

   [amulet of regeneration]

   Dex:       It affects your dexterity (+3).
   Slay:      It affects your accuracy & damage with ranged weapons and melee
   (+2).
   Regen:     It increases your rate of health regeneration.
 p - the ring of Yttaniq (right hand) {rC++ EV+5 Dex+3}
   (You found it on level 3 of the Lair of Beasts)

   [ring of evasion]

   EV:        It affects your evasion (+5).
   Dex:       It affects your dexterity (+3).
   rC:        It greatly protects you from cold.
 C - a ring of resist corrosion
 N - the amulet "Seyl" {Reflect Dex+2 SH+5}
   (You found it on level 3 of the Elven Halls)

   [amulet of reflection]

   It reflects blocked missile attacks.
   Dex:       It affects your dexterity (+2).
   SH:        It affects your SH (+5).
 O - the ring "Pebucuum" {rF- rCorr Int+5}
   (You took it off a deep elf annihilator on level 3 of the Elven Halls)

   [ring of resist corrosion]

   Int:       It affects your intelligence (+5).
   rF:        It makes you vulnerable to fire.
   rCorr:     It protects you from acid and corrosion.
 P - a ring of poison resistance
 S - a ring of see invisible
 W - a ring of wizardry
 X - the ring "Noshug" (left hand) {+Blink Fly rElec rF++ Slay-2}
   (You found it on level 6 of the Dungeon)

   [ring of flight]

   Slay:      It affects your accuracy & damage with ranged weapons and melee
   (-2).
   rF:        It greatly protects you from fire.
   rElec:     It insulates you from electricity.
   Fly:       It grants you flight.
   +Blink:    It lets you blink.
Wands
 z - a wand of mindburst (37)
 D - a wand of digging (10)
 V - a wand of quicksilver (16)
Scrolls
 f - 10 scrolls of poison
 g - 9 scrolls of fear
 i - 17 scrolls of identify
 j - 7 scrolls of vulnerability
 t - 14 scrolls of teleportation
 v - 3 scrolls of enchant armour
 w - 6 scrolls of magic mapping
 B - 7 scrolls of blinking
 I - 5 scrolls of fog
 J - 2 scrolls of summoning
 Q - 12 scrolls of immolation
Potions
 d - 2 potions of might
 h - 10 potions of haste
 l - 17 potions of heal wounds
 n - 2 potions of resistance
 o - 6 potions of mutation
 q - 14 potions of curing
 s - 11 potions of brilliance
 u - 10 potions of flight
 F - 3 potions of berserk rage
 G - 9 potions of attraction
 H - 11 potions of lignification
 K - 2 potions of magic
 L - 6 potions of cancellation
 M - 4 potions of invisibility
 U - 4 potions of ambrosia
Miscellaneous
 b - a phial of floods
 Y - a condenser vane


   Skills:
 + Level 20.4 Fighting
 + Level 21.4 Long Blades
 - Level 2.0 Throwing
 - Level 5.8 Armour
 + Level 20.5 Dodging
 - Level 15.3 Shields
 + Level 11.4 Spellcasting
 + Level 10.6 Necromancy
 + Level 18.3 Transmutations
 - Level 10.0 Evocations


You had 42 spell levels left.
You knew the following spells:

 Your Spells              Type           Power      Damage    Failure   Level
a - Wereblood             Tmut           53%        N/A       0%          2

Your spell library contained the following spells:

 Spells                   Type           Power      Damage    Failure   Level
 Beastly Appendage        Tmut           100%       N/A       0%          1
 Necrotise                Necr           100%       1d9       1%          1
 Sting                    Tmut/Pois      100%       1d8       1%          1
 Passwall                 Tmut/Erth      25%        N/A       1%          2
 Sublimation of Blood     Necr           35%        N/A       1%          2
 Blade Hands              Tmut           26%        N/A       1%          5
 Animate Dead             Necr           35%        N/A       2%          4
 Ignite Poison            Fire/Tmut/Pois 23%        N/A       4%          3
 Petrify                  Tmut/Erth      31%        N/A       4%          4
 Alistair's Intoxication  Tmut/Pois      20%        N/A       13%         5
 Irradiate                Conj/Tmut      15%        3d16      13%         5
 Apportation              Tloc           14%        N/A       21%         1
 Foxfire                  Conj/Fire      28%        2x1d5     21%         1
 Freeze                   Ice            28%        1d5       21%         1
 Magic Dart               Conj           28%        1d4       21%         1
 Sandblast                Erth           14%        2d6       21%         1
 Ensorcelled Hibernation  Hex/Ice        14%        N/A       30%         2
 Poisonous Vapours        Pois/Air       14%        N/A       30%         2
 Searing Ray              Conj           14%        2d5       30%         2
 Static Discharge         Conj/Air       14%        2-3/arc   30%         2
 Death Channel            Necr           17%        N/A       36%         6
 Dazzling Flash           Conj/Hex       14%        N/A       52%         3
 Kindle Blastsparks       Fire/Tloc/Air  14%        2d11      52%         3
 Portal Projectile        Hex/Tloc       14%        N/A       52%         3
 Stone Arrow              Conj/Erth      14%        3d7       52%         3
 Swiftness                Air            7%         N/A       52%         3
 Tukima's Dance           Hex            7%         N/A       52%         3
 Vhi's Electric Charge    Tloc/Air       14%        N/A       52%         3
 Borgnjor's Vile Clutch   Necr/Erth      10%        N/A       54%         5
 Statue Form              Tmut/Erth      20%        N/A       56%         6
 Fulminant Prism          Conj/Hex       3%         3d5       89%         4
 Iskenderun's Mystic Bla  Conj/Tloc      7%         2d4       89%         4
 Leda's Liquefaction      Hex/Erth       3%         N/A       89%         4
 Olgreb's Toxic Radiance  Pois           7%         N/A       89%         4
 Sticky Flame             Conj/Fire      7%         2d3       89%         4
 Simulacrum               Ice/Necr       10%        N/A       98%         6
 Arcjolt                  Conj/Air       3%         1d13      99%         5
 Fireball                 Conj/Fire      3%         3d4       99%         5
 Freezing Cloud           Conj/Ice/Air   3%         6-21      99%         5
 Lee's Rapid Deconstruct  Erth           3%         3d5*      99%         5
 Lightning Bolt           Conj/Air       3%         1d15      99%         5
 Silence                  Hex/Air        3%         N/A       99%         5
 Conjure Ball Lightning   Conj/Air       3%         3x3d6     100%        6
 Starburst                Conj/Fire      3%         6d3       100%        6
 Enfeeble                 Hex            3%         N/A       100%        7
 Haunt                    Necr/Summ      10%        N/A       100%        7
 Summon Hydra             Summ           3%         N/A       100%        7
 Discord                  Hex            3%         N/A       100%        8
 Disjunction              Tloc           3%         N/A       100%        8
 Ignition                 Fire           3%         3d4       100%        8
 Lehudib's Crystal Spear  Conj/Erth      3%         10d3      100%        8
 Polar Vortex             Ice            3%         N/A       100%        9


Dungeon Overview and Level Annotations

Branches:
Dungeon (15/15)            Temple (1/1) D:5            Lair (5/5) D:8
 Shoals (4/4) Lair:2        Snake (4/4) Lair:2        Slime (0/5) Lair:4
    Orc (2/2) D:10            Elf (3/3) Orc:2        Vaults (4/5) D:13
  Crypt (0/3) Vaults:3     Depths (1/4) D:15        Ossuary (visited)

Altars:
Ashenzari
Cheibriados
Dithmenos
Elyvilon
Fedhas
Gozag
Hepliaklqana
Kikubaaqudgha
Makhleb
Nemelex Xobeh
Okawaru
Qazlal
Ru
Sif Muna
Trog
Uskayaw
Vehumet
Wu Jian
Xom
Yredelemnul
Zin
The Shining One
Jiyva

Shops:
D:2 =   D:5 :   D:12 :!(:*   D:13 (   Orc:2 =[*(?   Elf:1 [   Shoals:1 *
Snake:3 !   Snake:4 [   Vaults:3 [=([   Depths:1 *

Portals:
Hell: Depths:1
Pandemonium: Depths:1
Ziggurat: Depths:2

Annotations:
Abyss:1 Rupert


Innate Abilities, Weirdness & Mutations

((You are very nimble when in or above water. (Stealth+, EV+, Speed+++)))
Your lower body shifts to a powerful aquatic tail in water.


Message History

The Council accepts your kill.
The dread lich gestures at you while chanting.
You suddenly lose the ability to move!
The ancient lich touches you.
You feel drained. The deep troll earth mage bites you.
The deep troll earth mage claws you but does no damage. x2
The deep troll shaman bites you but does no damage.
The deep troll shaman claws you!
The deep troll shaman claws you but does no damage.
The dread lich gestures at you while chanting.
You resist with some effort. The ancient lich touches you.
The ancient lich touches you but does no damage.
The deep troll earth mage bites you but does no damage.
The deep troll earth mage claws you but does no damage. x2
The Tzitzimitl engulfs you but does no damage.
The Tzitzimitl bites you.
You feel drained. The deep troll shaman bites you.
The deep troll shaman claws you but does no damage.
The deep troll shaman claws you.
The dread lich casts a spell.
The ancient lich touches you but does no damage.
The deep troll earth mage bites you but does no damage.
The deep troll earth mage claws you. The deep troll earth mage claws you!
The Tzitzimitl calls on the powers of darkness!
The deep troll shaman convulses!
Your body is wracked with pain!
* * * LOW HITPOINT WARNING * * *
The deep troll earth mage convulses!
The deep troll shaman bites you!
* * * LOW HITPOINT WARNING * * *
The deep troll shaman claws you but does no damage. x2
The ancient lich touches you.
* * * LOW HITPOINT WARNING * * *
The ancient lich points at you and mumbles some strange words.
You are slowing down.
The deep troll earth mage barely misses you.
The deep troll earth mage claws you!
* * * LOW HITPOINT WARNING * * *
The deep troll earth mage claws you but does no damage.
The Tzitzimitl barely misses you.
The Tzitzimitl bites you but does no damage.
The deep troll shaman bites you!!
You die...

####
##+##....+
#.........
###....#....
#§#§§...##..
#§#T§#...#..
#§@L#°○∩.##.
#§T1L#...#..
#☼#2§#.###..
#§☼+§☼§☼#....
#.#.#§☼☼☼.....
###.######+###
#. #. #.


You could see an ancient lich (fast), a dread lich, a Tzitzimitl (summoned), a
blizzard demon (summoned), a deep troll earth mage and a deep troll shaman.

Vanquished Creatures
  A dread lich (Vaults:4)
  An ancient lich (Depths:2)
  Boris (Vaults:3)
  Frederick (Vaults:2)
  Vashnia (Snake:4)
  Nikola (Snake:2)
  A bone dragon (Abyss:3)
  Jorgrun (D:14)
  Mlioglotl (Shoals:4)
  Zenata (Vaults:1)
  3 deep elf blademasters
  A lich (Abyss:3)
  2 deep elf master archers (Elf:3)
  2 sphinxes
  An ancient champion (Vaults:3)
  Polyphemus (Shoals:2)
  A tentacled starspawn (Abyss:3)
  A kraken (Shoals:2)
  A storm dragon (Vaults:1)
  2 tengu reavers
  The ghost of Ofax the Covert, an adept VSFi of Uskayaw (Snake:1)
  Roxanne (Snake:3)
  5 nagarajas
  Donald (Orc:2)
  A fire giant (Depths:1)
  Louise (D:14)
  5 deep elf sorcerers (Elf:3)
  13 vault wardens
  Aizul (Snake:3)
  A balrug (Abyss:3)
  13 ironbound preservers
  A ghoul (Vaults:3)
  17 very ugly things
  2 orc warlords
  4 stone giants
  6 ironbound thunderhulks
  3 deep elf elementalists
  3 war gargoyles
  Nessos (Orc:2)
  Azrael (D:14)
  The ghost of Flugkiller the Nimble, a journeyman OpWn of Wu Jian (Lair:3)
  6 deep elf demonologists (Elf:3)
  10 deep elf annihilators
  6 dire elephants
  A white draconian (Abyss:3)
  An ettin (shapeshifter) (Abyss:3)
  The ghost of Dyetwah the Spry, a journeyman FeSu of Gozag (Snake:1)
  3 crystal guardians
  10 deep elf death magi
  Josephine (Lair:5)
  4 ettins
  2 fire dragons (Depths:1)
  7 merfolk javelineers
  9 merfolk impalers
  2 rakshasas (Depths:1)
  A hydra (shapeshifter) (Abyss:3)
  Harold (D:10)
  An entropy weaver (shapeshifter) (Abyss:3)
  A great orb of eyes (Abyss:3)
  A deep elf high priest (Elf:3)
  5 salamander tyrants
  7 yaktaur captains
  4 vault guards (Vaults:3)
  4 ice dragons (Depths:1)
  14 hydras
  15 ironbound frosthearts
  2 peacekeepers
  3 merfolk avatars
  8 boulder beetles
  An ogre mage (D:15)
  A spriggan air mage (Depths:1)
  3 catoblepae
  A death knight (D:14)
  A satyr (Shoals:3)
  18 centaur warriors
  5 merfolk aquamancers (Shoals:4)
  20 anacondas
  4 death yaks (Shoals:2)
  5 tengu warriors
  A boulder beetle (shapeshifter) (Abyss:3)
  8 two-headed ogres
  13 naga warriors
  Urug (Orc:2)
  30 dancing weapons
  9 shock serpents
  5 thrashing horrors (Abyss:3)
  12 naga sharpshooters
  3 orc high priests
  6 hell knights
  2 wretched stars (Abyss:3)
  23 deep elf knights
  Lodul (D:10)
  4 salamander mystics
  The ghost of Ge0ff the Destroyer, a novice TeHW of Vehumet (D:8)
  A shadow wraith (Vaults:4)
  6 skysharks
  9 sea snakes
  8 skeletal warriors
  A spatial maelstrom (Abyss:3)
  35 deep trolls
  4 bog bodies (Shoals:4)
  7 naga ritualists
  12 deep elf archers
  8 lindwurms
  A phantasmal warrior (Vaults:3)
  12 orc knights
  13 mana vipers
  25 deep elf zephyrmancers
  16 ironbound convokers
  6 wizards
  5 necromancers
  9 large abominations
  9 harpies
  21 deep elf pyromancers
  7 fauns
  7 cyclopes
  2 oklob plants (Lair:4)
  6 orc sorcerers
  A cyclops (shapeshifter) (Abyss:3)
  40 ugly things
  35 salamanders
  6 manticores
  15 vault sentinels
  A worldbinder (Abyss:3)
  An apocalypse crab (Abyss:3)
  14 naga magi
  43 black mambas
  11 elephants
  8 merfolk sirens
  2 smoke demons (Abyss:3)
  A titan simulacrum (Abyss:3)
  5 water nymphs
  6 guardian serpents
  8 unseen horrors (Abyss:3)
  13 cane toads
  4 kobold demonologists
  2 rime drakes
  Psyche (D:8)
  8 komodo dragons
  2 freezing wraiths
  2 efreet
  2 ancient zymes (Abyss:3)
  24 yaktaurs
  6 trolls
  A polar bear (Lair:4)
  The ghost of clease the Shield-Bearer, an amateur MeFi (D:4)
  A tengu conjurer (D:14)
  29 merfolk
  A hellwing (Abyss:3)
  Grinder (D:6)
  19 blink frogs
  2 wind drakes
  17 dream sheep
  13 snapping turtles
  37 slime creatures
  A ynoxinul (Abyss:3)
  29 yaks
  3 air elementals
  4 fire elementals
  8 wyverns
  A centaur simulacrum (D:14)
  A vampire (D:12)
  8 wraiths
  16 water elementals
  3 basilisks
  13 humans (D:13)
  A golden eye (shapeshifter) (Depths:1)
  2 neqoxecs (Abyss:3)
  4 vampire mosquitoes
  A redback (shapeshifter) (Vaults:4)
  4 wargs
  7 steam dragons
  37 nagas
  4 hell hounds (D:14)
  13 water moccasins
  3 ice beasts
  20 orc warriors
  A sky beast (D:7)
  4 black bears
  18 ogres
  A boggart (Vaults:3)
  4 wolves (Lair:3)
  5 starcursed masses (Abyss:3)
  21 centaurs
  2 phantoms
  6 elf zombies
  7 kobold brigands
  2 gnoll sergeants
  2 small abominations (Abyss:3)
  6 bullfrogs
  4 scorpions
  A necrophage (D:6)
  3 earth elementals
  5 wights (D:6)
  6 killer bees
  6 howler monkeys
  2 electric eels
  A centaur zombie (Ossuary)
  2 hounds
  8 human zombies (Ossuary)
  9 orc priests
  A gnoll bouda (D:6)
  An iron imp (Abyss:3)
  2 iguanas
  22 orc wizards
  3 mummies (Ossuary)
  10 gnolls
  9 adders
  A white imp (D:8)
  2 ufetubi (D:4)
  2 worms
  3 dart slugs
  57 orcs
  2 ball pythons (D:3)
  8 endoplasms
  5 giant cockroaches
  6 hobgoblins
  4 jackals (D:1)
  31 kobolds
  5 quokkas
  4 bats
  2 frilled lizards
  5 goblins
  3 rats
  2 lurking horrors (Abyss:3)
  3 starspawn tentacles (Abyss:3)
  A tentacle (Shoals:2)
1531 creatures vanquished.

Vanquished Creatures (others)
  2 thrashing horrors (Abyss:3)
  2 deep elf knights
  2 deep elf pyromancers
  An orc priest (Orc:2)
  An orc wizard (Orc:2)
  An orc (Orc:2)
  31 fungi
  68 plants
  2 starspawn tentacles (Abyss:3)
  4 tentacles (Shoals:2)
  6 withered plants (Snake:1)
120 creatures vanquished.

Grand Total: 1651 creatures vanquished

Notes
Turn   | Place    | Note
-------+----------+-------------------------------------------
     0 | D:1      | Dirtsage the Merfolk Gladiator began the quest for the Orb.
     0 | D:1      | Reached XP level 1. HP: 16/16 MP: 1/1
   129 | D:1      | Reached XP level 2. HP: 23/23 MP: 2/2
   163 | D:1      | Reached skill level 4 in Long Blades
   613 | D:2      | Reached XP level 3. HP: 28/28 MP: 3/3
   874 | D:2      | Found Nitsiex's Jewellery Shoppe.
  1066 | D:3      | Reached XP level 4. HP: 35/35 MP: 4/4
  1089 | D:3      | Reached skill level 5 in Long Blades
  1525 | D:3      | Found a sacrificial altar of Ru.
  1609 | D:4      | Noticed an ogre
  1623 | D:4      | Killed an ogre
  1624 | D:4      | Reached skill level 5 in Dodging
  1624 | D:4      | Reached XP level 5. HP: 41/41 MP: 5/5
  1662 | D:4      | Noticed a phantom
  1670 | D:4      | Killed a phantom
  1671 | D:4      | Reached skill level 6 in Long Blades
  1671 | D:4      | Reached XP level 6. HP: 42/48 MP: 6/6
  1843 | D:4      | Found a sand-covered staircase.
  1852 | Ossuary  | Entered an ossuary
  1923 | Ossuary  | Reached skill level 7 in Long Blades
  1923 | Ossuary  | Reached XP level 7. HP: 51/55 MP: 7/7
  2107 | Ossuary  | Reached skill level 5 in Fighting
  2107 | Ossuary  | Reached skill level 8 in Long Blades
  2295 | D:4      | Found a runed translucent gate.
  2295 | D:4      | Found a runed translucent gate.
  2295 | D:4      | Found a runed translucent gate.
  2297 | D:4      | Noticed clease's ghost (amateur MeFi)
  2344 | D:4      | Reached XP level 8. HP: 62/62 MP: 8/8
  2370 | D:4      | Killed clease's ghost
  2709 | D:5      | Entered Level 5 of the Dungeon
  2710 | D:5      | Found Mefosm's Book Emporium.
  2774 | D:5      | Found an iron altar of Okawaru.
  2787 | D:5      | Reached skill level 9 in Long Blades
  3098 | D:2      | Bought an amulet of regeneration for 300 gold pieces
  3190 | D:5      | Found a staircase to the Ecumenical Temple.
  3200 | Temple   | Entered the Ecumenical Temple
  3426 | Temple   | Became a worshipper of the Shining One
  3548 | D:5      | Reached skill level 1 in Shields
  3869 | D:6      | Reached XP level 9. HP: 57/69 MP: 9/9
  3876 | D:6      | Reached skill level 10 in Long Blades
  3940 | D:6      | Reached * piety under the Shining One
  4179 | D:6      | Noticed Grinder
  4181 | D:6      | Paralysed by Grinder for 4 turns
  4190 | D:6      | Killed Grinder
  4191 | D:6      | Reached skill level 11 in Long Blades
  4383 | D:6      | Identified the ring "Noshug" {+Blink Fly rElec rF++ Slay-2}
  4717 | D:7      | Reached XP level 10. HP: 68/79 MP: 10/10
  5143 | D:8      | Found a runed translucent door.
  5146 | D:8      | Noticed Ge0ff's ghost (novice TeHW)
  5216 | D:8      | Found a staircase to the Lair.
  5239 | D:8      | Reached skill level 12 in Long Blades
  5282 | D:8      | Noticed Psyche
  5293 | D:8      | Killed Psyche
  5312 | D:8      | Reached skill level 10 in Dodging
  5596 | D:8      | Reached skill level 5 in Shields
  6010 | D:8      | Killed Ge0ff's ghost
  6026 | D:8      | Identified a scroll of acquirement
  6029 | D:8      | Acquired 930 gold pieces
  6268 | D:9      | Reached skill level 13 in Long Blades
  6307 | D:9      | Found a basalt altar of Yredelemnul.
  6357 | D:9      | Noticed a two-headed ogre
  6380 | D:9      | Killed a two-headed ogre
  6381 | D:9      | Reached XP level 11. HP: 87/87 MP: 11/11
  6455 | D:9      | Reached ** piety under the Shining One
  6456 | D:9      | Noticed a two-headed ogre
  6495 | D:9      | Killed a two-headed ogre
  6607 | D:9      | Found a white marble altar of Elyvilon.
  6607 | D:9      | Found an ornate altar of the Wu Jian Council.
  6607 | D:9      | Found a hide-covered altar of Uskayaw.
  6607 | D:9      | Found a shadowy altar of Dithmenos.
  6634 | D:9      | Fell from the grace of the Shining One
  6634 | D:9      | Became a worshipper of the Wu Jian Council
  6773 | D:10     | Entered Level 10 of the Dungeon
  6821 | D:10     | Noticed a boulder beetle
  6932 | D:10     | Noticed Lodul
  6958 | D:10     | Killed Lodul
  6959 | D:10     | Reached skill level 1 in Evocations
  6966 | D:10     | Reached skill level 14 in Long Blades
  7046 | Lair:1   | Entered Level 1 of the Lair of Beasts
  7270 | Lair:1   | Reached * piety under Wu Jian
  7502 | Lair:1   | Reached skill level 10 in Fighting
  8118 | Lair:2   | Found a staircase to the Snake Pit.
  8128 | Lair:2   | Reached XP level 12. HP: 94/97 MP: 12/12
  8129 | Lair:2   | Found the amulet of Elemental Vulnerability {rPois rF--
                  | rC-- AC+8}
  8498 | Lair:2   | Found a staircase to the Shoals.
  8750 | Lair:2   | Got the Catalogue of the Frostbound Boulder
  9101 | Lair:3   | Reached skill level 5 in Evocations
  9158 | Lair:3   | Found a transporter.
  9201 | Lair:3   | Reached ** piety under Wu Jian
  9262 | Lair:3   | Noticed an eight-headed hydra
  9268 | Lair:3   | Noticed Flugkiller's ghost (journeyman OpWn)
  9276 | Lair:3   | Noticed a boulder beetle
  9289 | Lair:3   | Found a transporter.
  9292 | Lair:3   | Noticed a five-headed hydra
  9313 | Lair:3   | Killed a five-headed hydra
  9313 | Lair:3   | Noticed a seven-headed hydra
  9326 | Lair:3   | Killed a seven-headed hydra
  9703 | Lair:3   | Identified the +0 falchion of Muloasai {elec, rPois rC+ rN+
                  | Str-3}
 10390 | Lair:4   | Reached XP level 13. HP: 106/106 MP: 13/13
 10425 | Lair:4   | Found a viscous altar of Jiyva.
 10425 | Lair:4   | Found a staircase to the Slime Pits.
 10991 | Lair:4   | You fall into a shaft and drop 1 floor!
 10991 | Lair:5   | Entered Level 5 of the Lair of Beasts
 11181 | Lair:5   | Noticed a dire elephant
 12196 | Lair:4   | Reached *** piety under Wu Jian
 12206 | Lair:4   | Reached skill level 10 in Shields
 12448 | Lair:5   | Reached skill level 15 in Dodging
 12558 | Lair:5   | Identified the ring "Ihiamo Miemp" {Int+2 Slay+4}
 12559 | Lair:5   | Identified the +2 buckler of Kestre Pied {rC+ rN+ Dex+3}
 12809 | Lair:5   | Reached XP level 14. HP: 70/116 MP: 14/14
 12829 | Lair:5   | Noticed Josephine
 12846 | Lair:5   | Killed Josephine
 12862 | Lair:5   | Killed a dire elephant
 12877 | Lair:5   | Got the Almanac of Corruption and Enchantment
 13746 | D:10     | Noticed Harold
 13761 | D:10     | Killed Harold
 13838 | D:10     | You fall into a shaft and drop 3 floors!
 13935 | D:13     | Noticed Rupert
 13942 | D:13     | Banished Rupert
 14147 | D:13     | Found a gate to the Vaults.
 14579 | D:11     | Reached **** piety under Wu Jian
 15114 | D:12     | Found Lugh's Weapon Shop.
 15276 | D:12     | Found Fem Mou's General Store.
 15279 | D:12     | Bought a scroll of identify for 28 gold pieces
 15329 | D:12     | Found Zoobrum's Book Boutique.
 15334 | D:12     | Bought a book of Ice for 736 gold pieces
 15440 | D:12     | Found Iruu's Book Boutique.
 15465 | D:12     | Found Feicw's Distillery.
 15475 | D:12     | Bought 2 potions of heal wounds for 110 gold pieces
 15726 | D:12     | HP: 2/119 [enormous slime creature (55)]
 16376 | D:12     | Bought a book of Blood for 448 gold pieces
 16379 | D:12     | Learned a level 2 spell: Wereblood
 16659 | D:13     | Reached skill level 1 in Transmutations
 16776 | D:13     | Found Rolip's Firing Range.
 16830 | D:13     | Reached skill level 1 in Necromancy
 17001 | D:13     | Reached skill level 10 in Evocations
 17029 | D:13     | Reached XP level 15. HP: 126/126 MP: 15/15
 17334 | D:10     | Found a glowing silver altar of Zin.
 17335 | D:10     | Found a sparkling altar of Nemelex Xobeh.
 17569 | D:10     | Found a staircase to the Orcish Mines.
 17673 | Orc:1    | Entered Level 1 of the Orcish Mines
 17826 | Orc:2    | Entered Level 2 of the Orcish Mines
 17829 | Orc:2    | Noticed Donald
 17843 | Orc:2    | Killed Donald
 17850 | Orc:2    | Noticed Urug
 17854 | Orc:2    | Noticed an orc warlord
 17883 | Orc:2    | Killed an orc warlord
 17883 | Orc:2    | Killed Urug
 17943 | Orc:2    | Found Weostig's General Store.
 17963 | Orc:2    | Found Wucunaen's Jewellery Emporium.
 18056 | Orc:2    | Found Giotei's Magic Scroll Emporium.
 18063 | Orc:2    | Found Nuzes's Antique Weapon Boutique.
 18085 | Orc:2    | Bought a scroll of immolation for 48 gold pieces
 18085 | Orc:2    | Bought a scroll of blinking for 90 gold pieces
 18085 | Orc:2    | Bought a scroll of fog for 48 gold pieces
 18085 | Orc:2    | Bought a scroll of brand weapon for 114 gold pieces
 18085 | Orc:2    | Bought a scroll of blinking for 90 gold pieces
 18093 | Orc:2    | Bought a dazzling long sword for 280 gold pieces
 18093 | Orc:2    | Identified the +7 long sword "Jellybane" {heavy, rC+++
                  | Int+3 Dex+3} (You bought it in a shop on level 2 of the
                  | Orcish Mines)
 18146 | Orc:2    | Found Luankas's Antique Armour Shoppe.
 18159 | Orc:2    | Reached ***** piety under Wu Jian
 18188 | Orc:2    | Noticed Nessos
 18201 | Orc:2    | Killed Nessos
 18266 | Orc:2    | Found a staircase to the Elven Halls.
 18801 | Orc:1    | Found a runed translucent door.
 19201 | Shoals:1 | Entered Level 1 of the Shoals
 19220 | Shoals:1 | Reached skill level 5 in Transmutations
 19365 | Shoals:1 | You are sucked into a shaft and drop 1 floor!
 19654 | Shoals:2 | Reached skill level 15 in Long Blades
 19697 | Shoals:2 | Noticed Polyphemus
 19719 | Shoals:2 | Killed Polyphemus
 19814 | Shoals:4 | Entered Level 4 of the Shoals
 19864 | Shoals:4 | Reached skill level 15 in Fighting
 19864 | Shoals:4 | Reached XP level 16. HP: 125/136 MP: 16/16
 19908 | Shoals:4 | Noticed Mlioglotl
 19916 | Shoals:4 | Killed Mlioglotl
 19986 | Shoals:4 | Got a barnacled rune of Zot
 20050 | Shoals:4 | Reached skill level 5 in Necromancy
 21012 | Shoals:3 | Reached skill level 16 in Long Blades
 21732 | Shoals:2 | Noticed a kraken
 21751 | Shoals:2 | Killed a kraken
 22142 | Shoals:1 | Reached skill level 1 in Armour
 22208 | Shoals:1 | Found Qaosinergh's CLEARANCE SALE!.
 22218 | Shoals:1 | Bought a potion of cancellation for 40 gold pieces
 22782 | D:14     | Noticed Louise
 22784 | Abyss:3  | Cast into level 3 of the Abyss (Louise)
 22794 | Abyss:3  | Reached XP level 17. HP: 144/144 MP: 17/17
 22854 | Abyss:3  | Paralysed by a great orb of eyes for 5 turns
 22871 | Abyss:3  | Found a corrupted altar of Lugonu.
 22961 | Abyss:3  | Reached skill level 10 in Transmutations
 22965 | Abyss:3  | Found a corrupted altar of Lugonu.
 23025 | Abyss:3  | Noticed a tentacled starspawn
 23028 | Abyss:3  | Got an abyssal rune of Zot
 23031 | Abyss:3  | Killed a tentacled starspawn
 23031 | Abyss:3  | Noticed a bone dragon
 23054 | Abyss:3  | Killed a bone dragon
 23109 | D:14     | Escaped the Abyss
 23126 | D:14     | Killed Louise
 23736 | D:14     | Noticed Azrael
 23736 | D:14     | Noticed Jorgrun
 23748 | D:14     | Killed Jorgrun
 23760 | D:14     | Killed Azrael
 23761 | D:14     | Reached skill level 17 in Long Blades
 24049 | D:15     | Entered Level 15 of the Dungeon
 24602 | D:15     | Reached XP level 18. HP: 150/153 MP: 18/18
 24684 | D:15     | Found a staircase to the Depths.
 24774 | D:15     | Reached ****** piety under Wu Jian
 24913 | Vaults:1 | Entered Level 1 of the Vaults
 25479 | Vaults:1 | Noticed Zenata
 25501 | Vaults:1 | Killed Zenata
 25837 | Vaults:1 | Saving game... please wait.
 25851 | Vaults:2 | Noticed Frederick
 25864 | Vaults:2 | Killed Frederick
 26010 | Vaults:2 | Reached skill level 5 in Armour
 26086 | Vaults:2 | Found a flickering gateway to a bazaar.
 26103 | Bazaar   | Entered a bazaar
 26103 | Bazaar   | Found Hushom's General Store.
 26103 | Bazaar   | Found Etotiass's Armour Shoppe.
 26103 | Bazaar   | Found Qemos's Book Emporium.
 26105 | Bazaar   | Found Leuxihol's Armour Emporium.
 26123 | Bazaar   | Bought a +1 pair of boots of stealth for 181 gold pieces
 26123 | Bazaar   | Bought +0 ice dragon scales for 660 gold pieces
 26146 | Bazaar   | Bought a book of the Earth for 288 gold pieces
 26296 | Vaults:2 | Reached skill level 15 in Shields
 26334 | Vaults:2 | Reached skill level 18 in Long Blades
 26338 | Vaults:2 | Reached XP level 19. HP: 161/161 MP: 19/19
 27329 | Vaults:2 | Identified the +1 pair of boots of Eternal Night {Int+4
                  | Slay+3}
 27534 | Vaults:3 | Found a staircase to the Crypt.
 28105 | Vaults:3 | Reached skill level 1 in Spellcasting
 28172 | Vaults:3 | Noticed Boris
 28185 | Vaults:3 | Killed Boris
 28483 | Vaults:3 | Found Ceedwem's Antique Weapon Shoppe.
 28512 | Vaults:3 | Identified the +8 war axe "Z" {freeze, rElec rPois rN+
                  | Dex-4}
 28536 | Vaults:3 | Found Duqameajil's Jewellery Boutique.
 28536 | Vaults:3 | Found Ymavvus's Armour Boutique.
 28556 | Vaults:3 | Reached XP level 20. HP: 170/170 MP: 22/24
 28682 | Vaults:3 | Found Etaojoic's Antique Armour Boutique.
 29080 | Vaults:4 | Noticed a dread lich
 29080 | Vaults:4 | Paralysed by a dread lich for 3 turns
 29097 | Vaults:4 | Killed a dread lich
 29098 | Vaults:4 | Reached skill level 19 in Long Blades
 29470 | Abyss:3  | Cast into level 3 of the Abyss (a wizard)
 29492 | Abyss:3  | Noticed a bone dragon
 29495 | Abyss:3  | Identified the +11 tower shield "Alaxuzu" {rElec rF+ Str+2}
 29551 | Vaults:4 | Escaped the Abyss
 29568 | Vaults:4 | Reached skill level 5 in Spellcasting
 29607 | Vaults:4 | Reached skill level 15 in Transmutations
 30528 | Snake:1  | Entered Level 1 of the Snake Pit
 30723 | Snake:1  | Found a runed translucent gate.
 30724 | Snake:1  | Found a runed translucent gate.
 30757 | Snake:1  | Found a runed translucent gate.
 30783 | Snake:1  | Noticed Dyetwah's ghost (journeyman FeSu)
 30783 | Snake:1  | Noticed Ofax's ghost (adept VSFi)
 31102 | Snake:1  | Killed Ofax's ghost
 31117 | Snake:1  | Killed Dyetwah's ghost
 31728 | Snake:2  | Reached XP level 21. HP: 131/179 MP: 31/31
 32088 | Snake:2  | Noticed Nikola
 32121 | Snake:2  | Killed Nikola
 32470 | Snake:3  | Noticed Aizul
 32484 | Snake:3  | Killed Aizul
 32592 | Snake:3  | Identified Roxanne's Octavo of Reconstruction
 32592 | Snake:3  | Noticed Roxanne
 32619 | Snake:3  | Killed Roxanne
 32638 | Snake:3  | Found Recvanoe's Distillery.
 33074 | Snake:4  | Entered Level 4 of the Snake Pit
 33103 | Snake:4  | Found Rexy's Armour Emporium.
 33138 | Snake:4  | Bought the +1 cloak of Starlight {*Dazzle EV+4 Stlth--} for
                  | 457 gold pieces
 33138 | Snake:4  | Found the +1 cloak of Starlight {*Dazzle EV+4 Stlth--}
 33192 | Snake:4  | Found a burning altar of Makhleb.
 33211 | Snake:4  | Reached skill level 20 in Long Blades
 33237 | Snake:4  | Identified the +6 leather armour of the Kettle-Drum {Harm
                  | rF+ rC+ Will+}
 33297 | Snake:4  | Noticed Vashnia
 33323 | Snake:4  | Killed Vashnia
 33596 | Snake:4  | Identified the +3 rapier "Gidwoll" {freeze, Fly}
 34069 | Snake:4  | Got a serpentine rune of Zot
 34354 | Lair:3   | Killed Flugkiller's ghost
 34369 | Lair:3   | Identified the ring of Yttaniq {rC++ EV+5 Dex+3}
 34650 | Elf:1    | Entered Level 1 of the Elven Halls
 34667 | Elf:1    | Reached XP level 22. HP: 186/188 MP: 35/35
 34733 | Elf:1    | Reached skill level 10 in Spellcasting
 35234 | Elf:1    | Got the Essays on the Mortuary
 35611 | Elf:1    | Found Wipaorgh's Antique Armour Shoppe.
 35869 | Elf:2    | Found a radiant altar of Vehumet.
 36234 | Elf:2    | Found a runed translucent gate.
 36234 | Elf:2    | Found a runed translucent gate.
 36239 | Elf:2    | Found a runed translucent gate.
 36988 | Elf:3    | Entered Level 3 of the Elven Halls
 37042 | Elf:3    | Reached skill level 10 in Necromancy
 37047 | Elf:3    | Reached skill level 21 in Long Blades
 37055 | Elf:3    | Identified the ring "Pebucuum" {rF- rCorr Int+5}
 37202 | Elf:3    | Identified the +4 pair of boots of the Thinker {*Corrode
                  | rF++}
 37215 | Elf:3    | Identified the ring of Ogicw {*Corrode AC+4 Dex+2 SInv}
 37237 | Elf:3    | Identified the amulet "Seyl" {Reflect Dex+2 SH+5}
 37239 | Elf:3    | Identified the +2 troll leather armour of the Trombone
                  | {+Inv rF+ Regen+}
 37273 | Elf:3    | Identified the +6 chain mail of the Doldrums {Contam Str+2
                  | Dex+6 Stlth+}
 37285 | Elf:3    | Identified the amulet of the Raven {Regen+ Dex+3 Slay+2}
 37349 | Elf:3    | Identified the +7 ice dragon scales of Stoicism {rPois rF-
                  | rC++ Dex+2}
 37444 | Elf:3    | Reached XP level 23. HP: 196/196 MP: 38/38
 38037 | Elf:2    | Found an ancient bone altar of Kikubaaqudgha.
 38375 | Vaults:3 | Bought the +2 Maxwell's thermic engine {flame, freeze} for
                  | 1364 gold pieces
 38375 | Vaults:3 | Found the +2 Maxwell's thermic engine {flame, freeze}
 38550 | Depths:1 | Entered Level 1 of the Depths
 38550 | Depths:1 | Found Haemuom's General Store.
 38564 | Depths:1 | Bought a potion of heal wounds for 90 gold pieces
 38637 | Depths:1 | Found a shimmering blue altar of Sif Muna.
 38663 | Depths:1 | Found a gateway to Hell.
 38837 | Depths:1 | Found a one-way gate leading to the halls of Pandemonium.
 38895 | Depths:1 | You are sucked into a shaft and drop 1 floor!
 38895 | Depths:2 | Noticed an ancient lich
 38895 | Depths:2 | Noticed an ancient lich
 38895 | Depths:2 | Noticed a dread lich
 38895 | Depths:2 | Found a one-way gateway to a ziggurat.
 38906 | Depths:2 | Killed an ancient lich
 38906 | Depths:2 | Paralysed by a dread lich for 5 turns
 38910 | Depths:2 | HP: 6/193 [deep troll earth mage (5)]
 38910 | Depths:2 | Mangled by a deep troll shaman

Illustrated notes

Levels and vault maps discovered:
D:1:      dpeg_arrival_prison, layout_rooms
D:2:      layout_rooms, serial_shops, shop, chequers_big_river,
          minmay_randomly_rotated_circles
D:3:      layout_loops_ring, nicolae_ru_awakened_eye,
          chequers_serial_rivers_micro_b
D:4:      layout_gridville, gammafunk_ghost_nasty_kobolds,
          nicolae_ossuary_entry_monument, chequers_serial_rivers_room_a
D:5:      layout_rooms, okawaru_trees_2, minmay_temple_entry_arrows,
          serial_shops, nicolae_shop_hallway_plus, minmay_misc_feat_alley,
          minmay_misc_feat_iff, eino_small_chamber_without_monster
D:6:      layout_basic, minmay_bent, uniq_grinder
D:7:      layout_cave_pools
D:8:      layout_basic, david_lair_shrubbed, hellmonk_ghost_happy_afterlife,
          uniq_psyche
D:9:      layout_basic, kennysheep_little_box, grunt_temple_overflow_cloverleaf,
          grunt_ministairs_2
D:10:     layout_roguey, nicolae_overflow_two_pavilions, orc_0_dummy,
          nzn_sisyphean_effort, uniq_lodul, uniq_harold
D:11:     layout_roguey
D:12:     layout_basic, serial_shops, nicolae_shop_window_shopping,
          nicolae_stop_n_shop_1, nicolae_diamond_shop, shop_fountains,
          kennysheep_mini, kennysheep_dice
D:13:     layout_long_grid, david_vaults_3, nicolae_shop_firing_range
D:14:     layout_roguey, grunt_decor_fettered, uniq_azrael, uniq_louise,
          uniq_jorgrun
D:15:     hangedman_depths_entry_civil_slaughter, layout_basic,
          grunt_decor_resistance
Temple:   compressed_dpeg_triangle_lava_temple
Lair:1:   layout_cave_pods
Lair:2:   layout_long_grid, minmay_shoals_entry_centaurs,
          guppyfry_snake_entry_island, chequers_serial_rivers_small_b
Lair:3:   layout_layer_cave, nzn_ghost_randoct, minmay_holes,
          kennysheep_catoblepas_arena
Lair:4:   layout_cave_pods, slime_entry_1, dpeg_oklob_1
Lair:5:   gammafunk_lair_ancient_temple, layout_gridlike, lemuel_fruit_fields,
          serial_bayou_shore_a, uniq_josephine
Shoals:1: layout_shoals, nicolae_shop_clearance
Shoals:2: layout_shoals, nicolae_shoals_elemental_ambush, uniq_polyphemus
Shoals:3: layout_shoals
Shoals:4: shoals_end_simple, layout_shoals, nicolae_shoals_secluded_bog,
          uniq_mlioglotl
Snake:1:  layout_rooms, serial_corexii_hall, chequers_hall_statues_y,
          chequers_hall_statues_corner_a, gammafunk_ghost_cemetery
Snake:2:  layout_basic, uniq_nikola
Snake:3:  layout_rooms, serial_shops, shop, uniq_roxanne, uniq_aizul
Snake:4:  snake_pit_salamanders_mu, layout_cave_town, serial_shops, shop,
          basic_altar, nicolae_snake_lava_pool, uniq_vashnia
Orc:1:    layout_caves, serial_shops, basic_altar, lightli_church_of_beogh
Orc:2:    grunt_orc_gardens, layout_caves, grunt_orc_garden, grunt_orc_garden,
          grunt_orc_garden, grunt_orc_garden, serial_shops, shop, uniq_urug,
          uniq_donald, uniq_nessos
Elf:1:    nicolae_elf_arrival_no_cutting_in_line, layout_loops_corners,
          serial_shops, nicolae_lakefront_shop, minmay_elf_necromancy,
          minivault_23, nrook_mini_backslash
Elf:2:    elven_hall_of_blades_hangedman_original
          [nicolae_vaults_blade_armed_guards], layout_geoelf_grid,
          lemuel_statue_altar, lemuel_upstairs_altar
Elf:3:    grunt_elf_hall_asides, layout_loops_cross
Vaults:1: v_misc_16, hangedman_vaults_impose, v_misc_3, st_lattice,
          vaults_dpeg_ring, v_alt_pattern_4, vaults_dpeg_encased_lava,
          nicolae_vaults_little_squares_3, layout_vaults_maze_bifur, uniq_zenata
Vaults:2: v_misc_8, nicolae_vaults_octagons, grunt_vaults_bifocal,
          ontoclasm_vaults_bender, v_rooms_5, v_misc_29,
          ontoclasm_vaults_ring_square, hangedman_vaults_cutoff,
          vaults_dpeg_cross, nicolae_vaults_little_squares_4,
          dpeg_vaults_monster_box, vaults_standard_mumra_x,
          nicolae_vaults_little_squares_4, layout_vaults_big_cross,
          serial_shops, bzr_entry_islet, uniq_frederick
Vaults:3: hangedman_vaults_hard_town_square, minmay_crypt_entry_simple_plaza,
          hangedman_vaults_stretched_pinwheel, nicolae_vaults_little_squares_1,
          ontoclasm_vaults_hangar, vaults_room_fours, nicolae_vaults_what_the_h,
          grunt_vaults_focal, v_misc_26, vaults_dpeg_hooks,
          nicolae_vaults_little_squares_5, nicolae_vaults_network_periphery,
          layout_vaults_big_room, serial_shops, nicolae_shop_crystal, uniq_boris
Vaults:4: v_pattern_4, st_spiral_rooms, v_misc_1, dpeg_vaults_monster_row,
          v_rooms_2, ontoclasm_vaults_misaligned, grunt_vaults_hallway_short,
          vaults_dpeg_doors, hangedman_vaults_corner_blocks, v_misc_1,
          nicolae_vaults_network_s, vaults_room_semicircle,
          nicolae_vaults_little_squares_1, layout_vaults_omnibox
Depths:1: layout_twisted_cross, grunt_metal_band, serial_shops,
          nicolae_shop_statue_plus, shop_statue, shop, rand_demon_pan_entry_5,
          minmay_misc_feat_rugged, tgw_sif
Depths:2: minmay_glassy_protrusions, layout_gridlike, enter_ziggurat_d,
          serial_shops, shop, hell_entry, hangedman_decor_riveting,
          grunt_pan_entry_sceptre, infiniplex_staircase_star

Skill      XL: |  1  2  3  4  5  6  7  8  9 10 11 12 13 14 15 16 17 18 19 20 21 22 23 |
---------------+----------------------------------------------------------------------+-----
Long Blades    | 4 5 6 7 8 9 11 13 14 15 16 17 18 19 20 21 | 21.4
Fighting       | 3 4 5 6 7 8 10 11 12 14 15 16 17 18 19 20 | 20.4
Dodging        | 5 6 7 8 9 10 12 13 15 16 17 18 19 20 | 20.5
Shields        | 1 4 5 7 9 10 11 12 13 14 15 | 15.3
Evocations     | 3 6 8 10 | 10.0
Transmutations | 2 7 9 11 12 14 15 16 17 18 | 18.3
Necromancy     | 1 4 6 7 8 9 10 | 10.6
Armour         | 1 3 5 |  5.8
Spellcasting   | 2 7 9 11 | 11.4
Throwing       | |  2.0

Action                     |  1- 3 |  4- 6 |  7- 9 | 10-12 | 13-15 | 16-18 | 19-21 | 22-24 || total
---------------------------+-------+-------+-------+-------+-------+-------+-------+-------++-------
  Melee: Long sword        |   101 |    71 |   320 |   686 |   903 |    54 |       |       ||  2135
         Punch             |       |     1 |     7 |     1 |       |       |       |       ||     9
         Tailslap          |       |       |       |     6 |    31 |       |       |       ||    37
         Short sword       |       |       |       |    25 |   360 |       |       |       ||   385
         Double sword      |       |       |       |       |   512 |  1679 |  2296 |   763 ||  5250
         Scimitar          |       |       |       |       |       |    23 |     8 |       ||    31
  Throw: Dart              |       |       |       |     5 |     3 |     3 |     2 |       ||    13
   Cast: Wereblood         |       |       |       |       |     6 |     7 |     2 |     5 ||    20
 Invoke: Serpent's Lash    |       |       |       |       |     7 |     4 |     3 |       ||    14
         Heavenly Storm    |       |       |       |       |     2 |     2 |     3 |     3 ||    10
Ability: Whirlwind         |       |       |       |    77 |   508 |   716 |   902 |   257 ||  2460
         Lunge             |       |       |       |    15 |   121 |   102 |   141 |    56 ||   435
         Wall Jump         |       |       |       |     2 |     8 |     2 |     6 |     2 ||    20
  Evoke: Wand              |       |     3 |       |     4 |       |     2 |     1 |     1 ||    11
         Condenser vane    |       |       |       |       |       |     1 |     1 |       ||     2
    Use: Scroll            |       |       |     7 |    12 |    23 |     2 |     8 |     1 ||    53
         Potion            |       |       |     1 |     1 |     5 |     2 |       |       ||     9
   Stab: Sleeping          |     2 |     2 |     1 |     2 |     5 |     2 |     1 |       ||    15
         Petrified         |       |       |       |       |     3 |       |       |       ||     3
         Distracted        |       |       |       |       |     5 |     2 |       |       ||     7
         Petrifying        |       |       |       |       |     1 |       |       |       ||     1
         Invisible         |       |       |       |       |    34 |       |    24 |    14 ||    72
 Armour: Leather armour    |    28 |       |       |       |       |       |    34 |    39 ||   101
         Ring mail         |     9 |    15 |    58 |       |       |       |       |       ||    82
         Skin              |       |       |    19 |       |       |       |       |       ||    19
         Steam dragon scal |       |       |    13 |    79 |    81 |       |       |       ||   173
         Troll leather arm |       |       |       |       |    47 |    97 |       |       ||   144
         Ice dragon scales |       |       |       |       |       |    18 |   231 |       ||   249
  Dodge: Dodged            |    96 |    38 |   173 |   392 |   839 |   920 |   822 |   313 ||  3593
  Block: Buckler           |       |       |       |    44 |   288 |       |       |       ||   332
         Kite shield       |       |       |       |   237 |   434 |  1152 |  1472 |   408 ||  3703
         Reflection        |       |       |       |       |    19 |    44 |   112 |    58 ||   233

Table legend: (Time is in decaauts)
 A = Elapsed time spent in this place.
 B = Non-inter-level travel time spent in this place.
 C = Inter-level travel time spent in this place.
 D = Time resting spent in this place.
 E = Time spent auto-exploring this place.
 F = Levels seen in this place.
 G = Mean time per level.
                   A        B        C        D        E       F      G
               +--------+--------+--------+--------+--------+-----+--------+
         Total |  37183 |  34073 |   3110 |    791 |  23088 |  44 |  845.1 |
       Dungeon |  12685 |  11428 |   1257 |    168 |   8278 |  15 |  845.7 |
        Temple |    242 |    197 |     45 |      0 |    172 |   1 |  242.0 |
          Lair |   6583 |   5860 |    723 |    246 |   4161 |   5 | 1316.6 |
        Shoals |   2545 |   2460 |     85 |      6 |   1509 |   4 |  636.2 |
     Snake Pit |   3649 |   3511 |    138 |      6 |   2275 |   4 |  912.2 |
  Orcish Mines |   1451 |   1263 |    188 |     29 |    824 |   2 |  725.5 |
   Elven Halls |   3441 |   3188 |    253 |    290 |   2035 |   3 | 1147.0 |
        Vaults |   5394 |   4977 |    417 |      0 |   3384 |   4 | 1348.5 |
        Depths |    350 |    350 |      0 |      0 |    194 |   2 |  175.0 |
         Abyss |    396 |    396 |      0 |     45 |      0 |   2 |  198.0 |
        Bazaar |     46 |     46 |      0 |      0 |      0 |   1 |   46.0 |
       Ossuary |    395 |    395 |      0 |      0 |    255 |   1 |  395.0 |
               +--------+--------+--------+--------+--------+-----+--------+

Top non-repeatable levels by time:
  Lair:4: 1775 daAuts
Vaults:2: 1594 daAuts
    D:12: 1573 daAuts
Vaults:3: 1529 daAuts
  Lair:3: 1437 daAuts
Vaults:4: 1257 daAuts
   Elf:2: 1254 daAuts
     D:8: 1175 daAuts
  Lair:5: 1138 daAuts
 Snake:4: 1134 daAuts
  Lair:1: 1129 daAuts
   Elf:1: 1128 daAuts
  Lair:2: 1102 daAuts
 Snake:2: 1078 daAuts
   Elf:3: 1059 daAuts
